Map: [ESL] Data-C

Players

PattyMac - Winner!

  • Race: Protoss Protoss
  • Spawn Location: 9:00

Scarlett

  • Race: Zerg Zerg
  • Spawn Location: 3:00

Event: DreamHack SC2 Masters 2022 Atlanta (Online)

VOD

Have the link to the VOD?

Description

Time

  • Played on: Oct. 5, 2022, 5:30 p.m.
  • Length: 11:50

All games in this series

Show
View Real Time Build Order
Export as new Build Order

PattyMac Protoss - Winner!

Build Orders: 1 Gate Expand, Mass Adepts 

Get SALT Encoding   

  12  0:00  Probe  
  13  0:12  Probe  
  14  0:18  Pylon  
  14  0:33  Probe (Chrono Boost)  
  15  0:38  Gateway  
  16  0:43  Probe (Chrono Boost)  
  16  0:46  Assimilator  
  16  0:48  Probe (Chrono Boost)  
  17  0:59  Probe  
  18  1:11  Probe  
  19  1:23  Probe  
  20  1:27  Nexus  
  20  1:37  Cybernetics Core  
  20  1:42  Probe  
  21  1:48  Assimilator  
  21  1:54  Probe  
  21  1:56  Pylon  
  22  2:06  Probe (Chrono Boost)  
  23  2:11  Adept (Chrono Boost)  
  23  2:12  Warp Gate (Chrono Boost)  
  26  2:24  Probe (Chrono Boost)  
  26  2:28  Probe (Chrono Boost)  
  26  2:32  Gateway  
  26  2:35  Stalker (Chrono Boost)  
  27  2:39  Probe  
  27  2:40  Probe  
  31  2:51  Probe  
  31  2:53  Probe  
  31  2:55  Gateway  
  33  3:03  Probe  
  33  3:05  Adept, Probe  
  37  3:15  Probe  
  37  3:17  Probe  
  37  3:19  Adept  
  41  3:23  Twilight Council  
  41  3:28  Probe  
  41  3:29  Probe  
  41  3:31  Pylon  
  43  3:39  Pylon  
  43  3:40  Probe  
  43  3:41  Probe  
  45  3:52  Probe  
  45  3:53  Adept x2, Probe  
  51  3:57  Adept  
  53  4:03  Resonating Glaives (Chrono Boost)  
  53  4:04  Probe  
  53  4:06  Probe  
  55  4:15  Nexus  
  55  4:16  Probe  
  56  4:17  Pylon  
  56  4:22  Probe  
  55  4:25  Adept, Assimilator  
  55  4:27  Assimilator  
  55  4:30  Adept x2  
  61  4:32  Probe  
  63  4:44  Probe  
  61  4:47  Probe, Pylon  
  61  4:48  Adept  
  61  4:51  Adept x2  
  68  4:56  Stargate  
  68  5:00  Stargate  
  68  5:03  Probe  
  69  5:10  Adept  
  69  5:11  Adept  
  69  5:12  Adept  
  75  5:15  Probe  
  75  5:19  Dark Shrine  
  77  5:21  Probe (Chrono Boost)  
  77  5:26  Pylon  
  77  5:27  Probe (Chrono Boost)  
  79  5:32  Probe (Chrono Boost)  
  78  5:37  Probe x2 (Chrono Boost)  
  77  5:45  Probe  
  76  5:50  Phoenix x2 (Chrono Boost)  
  76  5:51  Probe  
  76  5:53  Probe  
  76  5:54  Shield Battery  
  68  5:57  Adept x2  
  68  6:00  Shield Battery, Probe  
  67  6:05  Probe x2  
  67  6:06  Phoenix (Chrono Boost)  
  67  6:08  Phoenix (Chrono Boost)  
  67  6:09  Assimilator  
  73  6:12  Probe  
  73  6:13  Assimilator  
  73  6:18  Probe x2  
  75  6:23  Gateway  
  75  6:25  Gateway  
  76  6:29  Phoenix (Chrono Boost)  
  80  6:36  Phoenix (Chrono Boost), Probe x2  
  82  6:40  Probe  
  82  6:44  Gateway  
  82  6:46  Phoenix, Forge  
  85  6:47  Dark Templar  
  85  6:48  Probe  
  85  6:49  Dark Templar  
  85  6:53  Blink  
  90  6:57  Probe x2  
  90  7:00  Pylon  
  92  7:07  Nexus  
  92  7:09  Pylon  
  92  7:20  Probe  
  93  7:30  Protoss Ground Weapons Level 1 (Chrono Boost)  
  93  7:31  Probe  
  93  7:35  Probe x2  
  96  7:37  Robotics Facility  
  96  7:41  Gateway  
  96  7:43  Gateway  
  94  7:45  Probe  
  94  7:46  Dark Templar, Gateway  
  94  7:48  Gateway  
  94  7:49  Probe  
  94  7:50  Gateway  
  98  7:55  Probe  
  98  7:57  Dark Templar x3  
  98  7:58  Photon Cannon  
  103  8:00  Photon Cannon  
  103  8:01  Pylon  
  103  8:07  Archon x2  
  103  8:10  Stalker x2  
  103  8:13  Shield Battery  
  103  8:19  Assimilator  
  104  8:20  Probe x2  
  104  8:24  Observer, Assimilator  
  104  8:26  Robotics Bay  
  106  8:27  Robotics Facility  
  106  8:33  Pylon  
  106  8:37  Shield Battery, Stalker x3  
  106  8:41  Photon Cannon  
  112  8:44  Charge  
  112  8:47  Photon Cannon  
  110  8:50  Dark Templar  
  110  8:51  Dark Templar  
  114  9:01  Archon  
  114  9:02  Dark Templar  
  114  9:05  Zealot x4  
  114  9:08  Archon  
  124  9:10  Nexus  
  124  9:12  Disruptor x2 (Chrono Boost)  
  124  9:13  Pylon  
  130  9:22  Photon Cannon, Pylon  
  130  9:25  Photon Cannon  
  130  9:30  Pylon  
  130  9:35  Zealot x3  
  136  9:41  Disruptor x2 (Chrono Boost)  
  136  9:42  Dark Templar  
  142  9:47  Shield Battery, Zealot x2  
  142  9:51  Photon Cannon  
  146  9:58  Zealot x2  
  150  10:07  Fleet Beacon  
  150  10:10  Stalker  
  150  10:11  Disruptor x2 (Chrono Boost)  
  158  10:26  Stalker x6  
  170  10:35  Stargate  
  163  10:51  Stalker x8  
  165  11:02  Zealot x3  
  157  11:23  Zealot x10  
  143  11:35  Dark Templar  
Show
View Real Time Build Order
Export as new Build Order

Scarlett Zerg 

Build Orders: Hatch First 

Get SALT Encoding   

  12  0:00  Drone  
  13  0:12  Overlord  
  13  0:17  Drone  
  14  0:30  Drone x2  
  16  0:43  Drone  
  17  0:51  Hatchery  
  17  0:55  Drone  
  17  0:58  Drone  
  18  1:09  Extractor  
  17  1:14  Spawning Pool  
  17  1:16  Drone  
  17  1:19  Drone  
  18  1:27  Drone  
  19  1:39  Drone  
  20  1:49  Overlord  
  20  2:01  Queen  
  22  2:03  Queen  
  22  2:04  Zergling x2, Drone  
  26  2:12  Drone  
  26  2:13  Metabolic Boost  
  27  2:16  Drone  
  28  2:23  Drone  
  28  2:24  Drone  
  30  2:35  Hatchery  
  29  2:39  Zergling x2  
  29  2:41  Drone  
  31  2:46  Queen  
  31  2:50  Overlord  
  33  2:54  Drone  
  34  3:05  Drone  
  34  3:06  Drone  
  34  3:10  Queen, Drone, Overlord  
  39  3:15  Drone x3  
  39  3:17  Drone  
  39  3:19  Drone  
  44  3:23  Overlord  
  44  3:28  Overlord  
  44  3:29  Drone  
  45  3:37  Drone  
  45  3:38  Drone  
  47  3:45  Drone x4  
  50  3:51  Queen  
  50  3:53  Zergling x4  
  50  3:55  Zergling x6  
  57  3:56  Zergling x2  
  57  4:02  Zergling x4  
  60  4:05  Queen  
  61  4:21  Drone x8  
  67  4:27  Roach Warren  
  67  4:28  Lair  
  67  4:30  Extractor  
  65  4:34  Zergling x12  
  65  4:37  Drone  
  72  4:43  Drone  
  73  4:48  Extractor x2  
  73  4:50  Drone x2  
  73  4:53  Overlord  
  73  4:57  Overlord  
  73  4:59  Overlord  
  72  5:01  Zergling x2  
  72  5:02  Overlord  
  72  5:03  Overlord x2  
  73  5:08  Overlord  
  73  5:13  Roach x3  
  73  5:14  Roach  
  81  5:16  Roach  
  81  5:17  Roach x2  
  81  5:19  Roach  
  89  5:23  Roach  
  89  5:25  Overseer  
  89  5:26  Roach x3  
  89  5:28  Zergling x4  
  97  5:35  Zergling x10  
  97  5:36  Zergling x2  
  97  5:42  Zergling x4  
  101  5:45  Drone x2  
  99  5:56  Drone x7  
  99  6:00  Overseer  
  99  6:02  Drone x2  
  99  6:06  Glial Reconstitution  
  99  6:07  Drone x2  
  99  6:10  Evolution Chamber  
  100  6:11  Drone  
  100  6:15  Extractor  
  100  6:16  Extractor  
  99  6:20  Queen x2  
  99  6:24  Drone x2  
  99  6:25  Drone  
  106  6:26  Queen  
  108  6:34  Hatchery  
  108  6:37  Spire  
  106  6:40  Drone x4  
  106  6:44  Drone x3  
  106  6:46  Spore Crawler  
  112  6:50  Zerg Missile Weapons Level 1  
  112  6:51  Spore Crawler  
  112  6:52  Drone x2  
  113  6:56  Spore Crawler, Drone  
  113  7:01  Overlord x2  
  113  7:07  Overlord x2  
  113  7:12  Spore Crawler  
  112  7:17  Spore Crawler  
  112  7:18  Drone  
  112  7:19  Drone x3  
  111  7:24  Overlord  
  111  7:25  Drone x2  
  111  7:26  Drone  
  114  7:32  Spore Crawler  
  114  7:36  Drone x5  
  113  7:49  Corruptor  
  113  7:50  Corruptor x5  
  113  7:51  Baneling Nest  
  124  7:53  Drone x4  
  124  7:58  Drone x3  
  124  8:12  Zerg Flyer Weapons Level 1  
  124  8:13  Drone x9  
  133  8:25  Drone x4  
  136  8:30  Infestation Pit  
  136  8:31  Drone  
  136  8:35  Centrifugal Hooks, Evolution Chamber  
  136  8:37  Overlord x4  
  136  8:39  Drone x5  
  140  8:44  Roach x2  
  144  8:50  Zerg Melee Weapons Level 1  
  144  8:56  Zergling x8  
  144  8:57  Extractor  
  144  8:58  Extractor  
  146  9:05  Zerg Missile Weapons Level 2  
  146  9:07  Roach x7  
  146  9:08  Zergling x4  
  146  9:09  Zergling x2  
  163  9:10  Hatchery  
  162  9:18  Hive  
  162  9:24  Corruptor x2  
  164  9:34  Ravager x2, Overlord x2  
  164  9:37  Ravager x3  
  164  9:38  Baneling x10  
  169  9:40  Zergling x28  
  182  9:51  Drone  
  181  10:01  Hatchery  
  181  10:02  Baneling x8  
  181  10:03  Baneling x12  
  180  10:15  Baneling x20  
  180  10:16  Zergling x8  
  180  10:17  Zergling x20  
  194  10:29  Greater Spire  
  194  10:31  Zergling x10  
  199  10:36  Spore Crawler  
  173  10:43  Roach x8  
  173  10:49  Zergling x10  
  160  10:59  Zergling x12  
  158  11:12  Roach x8  
  153  11:19  Roach x4  
  153  11:22  Roach  
  142  11:27  Roach x3  
  142  11:29  Roach  
  142  11:30  Roach x2  
  142  11:31  Roach  
Tags
 
Add a new tag
Caveats
  • Supply blocks, unpowered buildings, or Contaminate may cause inaccurate times.
  • Supply counts are checked every 10 seconds.